 Dungeon Crawl Stone Soup version 0.21-a0-476-gd103f4b (webtiles) character file.

29 kae the Insei (level 3, 0/28 HPs)
             Began as a Draconian Transmuter on Nov 22, 2017.
             Succumbed to an adder's poison
             ... on level 2 of the Dungeon.
             The game lasted 00:01:28 (1370 turns).

kae the Insei (Draconian Transmuter)                Turns: 1370, Time: 00:01:29

Health: 0/28       AC:  5    Str: 12    XL:     3   Next: 1%
Magic:  6/6        EV: 12    Int: 13    God:
Gold:   71         SH:  0    Dex: 12    Spells: 5/6 levels left

rFire    . . .     SeeInvis .   k - -1 short sword
rCold    . . .     Gourm    .   (no shield)
rNeg     . . .     Faith    .   (armour unavailable)
rPois    .         Spirit   .   (helmet restricted)
rElec    .         Reflect  .   (no cloak)
rCorr    .         Harm     .   (no gloves)
MR       .....                  (no boots)
Stlth    +.........             (no amulet)
HPRegen  0.09/turn              (no ring)
MPRegen  0.10/turn              (no ring)

@: lethally poisoned (0 -> -6), invisible
A: unfitting armour, cold-blooded, AC +5
a: no special abilities


You were on level 2 of the Dungeon.
You were hungry.

You visited 1 branch of the dungeon, and saw 2 of its levels.

You collected 71 gold pieces.

Inventory:

Hand Weapons
 d - a +0 club
 k - a -1 short sword (weapon)
Missiles
 a - 12 arrows
Scrolls
 e - a scroll of teleportation
 j - a scroll of identify
Potions
 m - a potion of mutation
Books
 b - a book of Changes

   Spells                             Type                      Level
   a - Beastly Appendage              Transmutation                1
   b - Sticks to Snakes               Transmutation                2
   c - Spider Form                    Transmutation/Poison         3
   d - Ice Form                       Ice/Transmutation            4
   e - Blade Hands                    Transmutation                5
Comestibles
 c - 2 bread rations
 f - a meat ration
 h - 3 fruits


   Skills:
 - Level 1.1 Fighting
 - Level 1.7 Dodging
 * Level 3.6 Unarmed Combat
 + Level 2.3 Spellcasting
 + Level 2.4 Transmutations


You had 5 spell levels left.
You knew the following spells:

 Your Spells              Type           Power        Failure   Level  Hunger
a - Beastly Appendage     Tmut           #.....       9%          1    #......


Dungeon Overview and Level Annotations

Branches:
Dungeon (2/15)

Altars:


Innate Abilities, Weirdness & Mutations

Your plain brown scales are hard. (AC +5)
You cannot fit into any form of body armour.
You are cold-blooded and may be slowed by cold attacks.


Message History

The adder is heavily wounded.
You feel sick. The adder closely misses you. x2
You miss the adder.
The adder is heavily wounded.
The adder bites you.
* * * LOW HITPOINT WARNING * * *
You hit the adder.
The adder is severely wounded.
Your talons disappear.
* * * LOW HITPOINT WARNING * * *
You feel sick. The adder bites you but does no damage.
You closely miss the adder.
The adder is severely wounded.
The adder bites you.
* * * LOW HITPOINT WARNING * * *
The adder closely misses you.
Okay, then.
It was a potion of invisibility.
You fade into invisibility!
You die...

############
......slS@.##
....##'###..#
. ... ##.#
..... #.##
....... #..#
....... ##.##
#......
####..##
#....=.
+......+
#####+##


You could see an adder, a giant cockroach and a frilled lizard.

Vanquished Creatures
  A dart slug (D:1)
  A ball python (D:1)
  6 goblins (D:1)
  7 hobgoblins (D:1)
  3 bats (D:1)
  A frilled lizard (D:1)
  2 kobolds (D:1)
  4 rats (D:1)
25 creatures vanquished.

Notes
Turn   | Place    | Note
-------+----------+-------------------------------------------
     0 | D:1      | kae the Draconian Transmuter began the quest for the Orb.
     0 | D:1      | Reached XP level 1. HP: 16/16 MP: 3/3
    67 | D:1      | Reached XP level 2. HP: 15/23 MP: 3/5
  1171 | D:1      | Reached XP level 3. HP: 28/28 MP: 6/6
  1369 | D:2      | HP: 1/28 [adder (5)]
  1370 | D:2      | Succumbed to an adder's poison

Vault maps used:
D:1:      sevenhm_arrival_forest_fort_small_1, minmay_pentomino_s4
D:2:      first_bread, uniq_terence

Action                   || total
-------------------------++-------
Melee: Unarmed           ||    14
       Headbutt          ||     5
       Tailslap          ||     8
       Punch             ||     1
       Club              ||    56
       Short sword       ||    25
       Kick              ||     1
 Cast: Beastly Appendage ||     8
  Use: Scroll            ||     5
       Potion            ||     1
  Eat: Chunk             ||     1
Armor: Skin              ||    39
Dodge: Dodged            ||   100

Table legend:
 A = Spawn XP
 B = Non-spawn XP
 C = Spawn XP percentage of total XP
 D = Spawn monster count
 E = Non-spawn monster count
 F = Spawn count percentage of total count
 G = Total turns spent on level
                    A         B        C        D         E        F      G
               +---------+---------+-------+---------+---------+-------+---------
         Total |       0 |      42 |   0.0 |       0 |      25 |   0.0 |  1370
               +---------+---------+-------+---------+---------+-------+---------
           D:1 |       0 |      42 |   0.0 |       0 |      25 |   0.0 |  1339
               +---------+---------+-------+---------+---------+-------+---------
